 Dungeon Crawl Stone Soup version 0.30-a0-305-g026cb31310 (webtiles) character file.

Game seed: 8777189116835973831

449 McGhostyFace the Chiller (level 7, -2/52 HPs)
             Began as a Gnoll Wanderer on Oct 23, 2022.
             Was an Initiate of Gozag.
             Slain by a phantom (5 damage)
             ... on level 4 of the Dungeon on Oct 24, 2022.
             The game lasted 00:12:53 (4358 turns).

McGhostyFace the Chiller (Gnoll Wanderer)           Turns: 4358, Time: 00:12:57

Health: -2/52      AC:  3    Str: 13    XL:     7   Next: 4%
Magic:  11/12      EV: 11    Int: 12    God:    Gozag
Gold:   258        SH:  5    Dex: 11    Spells: 6/13 levels left

rFire   + + .      SeeInvis .      - Unarmed
rCold   + . .      Faith    .    b - +0 buckler
rNeg    . . .      Spirit   .    d - +0 leather armour
rPois   .          Reflect  .    (no helmet)
rElec   .          Harm     .    o - scarf {rC+ rF+}
rCorr   .          Rampage  .    (no gloves)
Will    .....                    (no boots)
Stlth   ++........               (no amulet)
HPRegen 0.28/turn                l - ring of protection from fire
MPRegen 0.13/turn                (no ring)

@: no status effects
A: fangs 1, strong nose, distributed training
a: Renounce Religion, Potion Petition, Call Merchant, Bribe Branch


You were on level 4 of the Dungeon.
You worshipped Gozag.
Gozag was aware of your devotion.
You visited 2 branches of the dungeon, and saw 5 of its levels.

You collected 335 gold pieces.
You paid 77 gold pieces to Gozag.

Inventory:

Missiles
 i - 6 poisoned darts (quivered)
 t - 5 atropa-tipped darts
Armour
 b - a +0 buckler (worn)
 d - a +0 leather armour (worn)
 o - a scarf of resistance (worn)
Jewellery
 l - a ring of protection from fire (left hand)
 v - a ring of positive energy
Wands
 p - a wand of polymorph (8)
 u - a wand of charming (6)
Scrolls
 a - 2 scrolls of identify {unknown}
 c - a scroll of summoning
 f - a scroll of blinking {unknown}
 h - 3 scrolls of butterflies {unknown}
 m - a scroll of amnesia {unknown}
 n - a scroll of poison {unknown}
 r - a scroll of noise {unknown}
Potions
 e - a potion of attraction
 g - a potion of lignification {unknown}
 j - 2 potions of invisibility {unknown}
 k - 3 potions of curing
 q - a potion of berserk rage {unknown}
 s - 2 potions of magic {unknown}


   Skills:
 + Level 3.5 Fighting
 + Level 2.3 Short Blades
 + Level 2.3 Long Blades
 + Level 2.3 Axes
 + Level 2.3 Maces & Flails
 + Level 2.3 Polearms
 + Level 2.3 Staves
 + Level 2.3 Ranged Weapons
 + Level 2.3 Throwing
 + Level 2.3 Armour
 + Level 2.3 Dodging
 + Level 2.3 Stealth
 + Level 5.1 Shields
 + Level 5.1 Unarmed Combat
 + Level 3.7 Spellcasting
 + Level 1.9 Conjurations
 + Level 1.9 Hexes
 + Level 1.9 Summonings
 + Level 1.9 Necromancy
 + Level 1.9 Translocations
 + Level 1.9 Transmutations
 + Level 1.9 Fire Magic
 + Level 7.4 Ice Magic
 + Level 1.9 Air Magic
 + Level 1.9 Earth Magic
 + Level 1.9 Poison Magic
 + Level 2.5 Invocations
 + Level 2.3 Evocations


You had 6 spell levels left.
You knew the following spells:

 Your Spells              Type           Power      Damage    Failure   Level
a - Freeze                Ice            76%        1d8       1%          1
b - Frozen Ramparts       Ice            38%        1d6       5%          3
c - Ozocubu's Armour      Ice            19%        N/A       5%          3

Your spell library contained the following spells:

 Spells                   Type           Power      Damage    Failure   Level
 Ignite Poison            Fire/Tmut/Pois 6%         N/A       45%         3
 Kindle Blastsparks       Fire/Tloc/Air  12%        2d11      45%         3
 Freezing Cloud           Conj/Ice/Air   5%         6-21      92%         5


Dungeon Overview and Level Annotations

Branches:
Dungeon (4/15)             Temple (1/1) D:4

Altars:
Ashenzari
Elyvilon
Gozag
Makhleb
Okawaru
Ru
Uskayaw
Vehumet
Xom
Zin


Innate Abilities, Weirdness & Mutations

You have very sharp teeth.
Your uncanny sense of smell can sniff out nearby items.
Your experience applies equally to all skills.


Message History

The phantom misses you.
It was a potion of curing.
You feel better. The phantom hits you.
* * * LOW HITPOINT WARNING * * *
The phantom blinks!
You blink.
You barely miss the phantom.
The phantom is almost destroyed.
The phantom completely misses you.
You closely miss the phantom. Your bite misses the phantom.
The phantom is almost destroyed.
The phantom hits you.
* * * LOW HITPOINT WARNING * * *
The phantom blinks!
You blink.
You feel better. The phantom hits you.
* * * LOW HITPOINT WARNING * * *
You hit the phantom.
The phantom is almost destroyed.
The phantom hits you.
* * * LOW HITPOINT WARNING * * *
The phantom blinks!
You blink.
You feel better. The phantom misses you.
You hit the phantom.
The phantom is almost destroyed.
The phantom hits you!
* * * LOW HITPOINT WARNING * * *
The phantom blinks!
You blink.
The phantom closely misses you.
You closely miss the phantom.
The phantom is almost destroyed.
The phantom hits you.
* * * LOW HITPOINT WARNING * * *
The phantom blinks!
You blink.
Casting: Freeze (safe; 1% risk of failure)
Confirm with . or Enter, or press ? or * to list all spells.
Aiming: Freeze (safe; 1% risk of failure)
Press: ? - help, Shift-Dir - straight line, f/p - phantom
Aim: a phantom (almost destroyed)
You freeze the phantom but do no damage.
The phantom completely resists.
The phantom hits you.
You die...
Your body crumbles into a pile of gold.

#.....#
#§...(##
#....§.#
#.....##
#.....#
##.....#
##......#
#..W....#
##.@....#
########


You could see a phantom.

Vanquished Creatures
  2 black bears (D:4)
  A jelly (D:4)
  An orc priest (D:4)
  Natasha (twice) (D:4)
  Robin (D:2)
  2 adders
  An ufetubus (D:4)
  A worm (D:3)
  10 dart slugs
  11 orcs
  7 bats
  2 endoplasms
  4 giant cockroaches
  15 goblins
  12 hobgoblins
  4 jackals (D:4)
  7 kobolds
  A quokka (D:3)
  3 ball pythons
  3 frilled lizards
  5 rats
95 creatures vanquished.

Vanquished Creatures (others)
  An orc (D:4)
  A quokka (D:4)
  3 plants (D:4)
5 creatures vanquished.

Grand Total: 100 creatures vanquished

Notes
Turn   | Place    | Note
-------+----------+-------------------------------------------
     0 | D:1      | McGhostyFace the Gnoll Wanderer began the quest for the
                  | Orb.
     0 | D:1      | McGhostyFace set off with the following items: a +0 club, a
                  | +0 buckler, a scroll of summoning, a +0 leather armour, a
                  | potion of attraction; and the following spell memorised:
                  | Freeze; and the following spells available to memorise:
                  | Frozen Ramparts, Ozocubu's Armour.
     0 | D:1      | Reached XP level 1. HP: 17/17 MP: 4/4
   244 | D:1      | Reached XP level 2. HP: 18/23 MP: 5/5
  1045 | D:2      | Reached XP level 3. HP: 17/28 MP: 7/7
  1625 | D:2      | Reached skill level 1 in Invocations
  1662 | D:2      | Noticed Robin
  1683 | D:2      | Killed Robin
  1684 | D:2      | Reached skill level 1 in Short Blades
  1684 | D:2      | Reached skill level 1 in Long Blades
  1684 | D:2      | Reached skill level 1 in Axes
  1684 | D:2      | Reached skill level 1 in Maces & Flails
  1684 | D:2      | Reached skill level 1 in Polearms
  1684 | D:2      | Reached skill level 1 in Staves
  1684 | D:2      | Reached skill level 1 in Ranged Weapons
  1684 | D:2      | Reached skill level 1 in Throwing
  1684 | D:2      | Reached skill level 1 in Armour
  1684 | D:2      | Reached skill level 1 in Dodging
  1684 | D:2      | Reached skill level 1 in Stealth
  1684 | D:2      | Reached skill level 1 in Evocations
  1687 | D:2      | Reached XP level 4. HP: 15/34 MP: 1/8
  1919 | D:2      | Learned a level 3 spell: Frozen Ramparts
  1923 | D:2      | Learned a level 3 spell: Ozocubu's Armour
  2471 | D:3      | Reached skill level 1 in Conjurations
  2471 | D:3      | Reached skill level 1 in Hexes
  2471 | D:3      | Reached skill level 1 in Summonings
  2471 | D:3      | Reached skill level 1 in Necromancy
  2471 | D:3      | Reached skill level 1 in Translocations
  2471 | D:3      | Reached skill level 1 in Transmutations
  2471 | D:3      | Reached skill level 1 in Fire Magic
  2471 | D:3      | Reached skill level 1 in Air Magic
  2471 | D:3      | Reached skill level 1 in Earth Magic
  2471 | D:3      | Reached skill level 1 in Poison Magic
  2799 | D:3      | Reached XP level 5. HP: 37/40 MP: 5/9
  3380 | D:4      | Found a staircase to the Ecumenical Temple.
  3415 | Temple   | Entered the Ecumenical Temple
  3425 | Temple   | Became a worshipper of Gozag Ym Sagoz the Greedy
  3539 | D:4      | Found a white marble altar of Elyvilon.
  3584 | D:4      | Noticed Natasha
  3593 | D:4      | Killed Natasha
  3827 | D:4      | Reached XP level 6. HP: 36/47 MP: 7/11
  3894 | D:4      | Noticed Natasha
  3902 | D:4      | Killed Natasha
  3903 | D:4      | Reached skill level 5 in Shields
  3903 | D:4      | Reached skill level 5 in Unarmed Combat
  3966 | D:4      | Noticed a black bear
  3979 | D:4      | Killed a black bear
  4047 | D:4      | Noticed a black bear
  4061 | D:4      | Killed a black bear
  4062 | D:4      | Reached XP level 7. HP: 39/52 MP: 4/12
  4358 | D:4      | Slain by a phantom

Illustrated notes

Levels and vault maps discovered:
D:1:      elethiomel_arrival_fortress_basement, layout_basic,
          due_unseen_surprise
D:2:      layout_basic, kennysheep_generic_room_8, uniq_robin
D:3:      kennysheep_slugbush, layout_rooms
D:4:      layout_cave_pods, beargit_hepliaklqana_dungeon_heroes,
          elyvilon_altar_4, minmay_temple_entry_overgrown, uniq_natasha
Temple:   nicolae_temple_two_arcs

Skill      XL: |  1  2  3  4  5  6 |
---------------+-------------------+-----
Invocations    | 1 2 |  2.5
Short Blades   | 1 2 |  2.3
Long Blades    | 1 2 |  2.3
Axes           | 1 2 |  2.3
Maces & Flails | 1 2 |  2.3
Polearms       | 1 2 |  2.3
Staves         | 1 2 |  2.3
Ranged Weapons | 1 2 |  2.3
Throwing       | 1 2 |  2.3
Armour         | 1 2 |  2.3
Dodging        | 1 2 |  2.3
Stealth        | 1 2 |  2.3
Evocations     | 1 2 |  2.3
Spellcasting   | 3 |  3.7
Conjurations   | 1 |  1.9
Hexes          | 1 |  1.9
Summonings     | 1 |  1.9
Necromancy     | 1 |  1.9
Translocations | 1 |  1.9
Transmutations | 1 |  1.9
Fire Magic     | 1 |  1.9
Air Magic      | 1 |  1.9
Earth Magic    | 1 |  1.9
Poison Magic   | 1 |  1.9
Fighting       | 3 |  3.5
Shields        | 5 |  5.1
Unarmed Combat | 5 |  5.1
Ice Magic      | |  7.4

Action                   |  1- 3 |  4- 6 |  7- 9 || total
-------------------------+-------+-------+-------++-------
Melee: Unarmed           |   105 |   159 |    21 ||   285
       Bite              |     9 |    19 |     3 ||    31
Throw: Dart              |     3 |    10 |       ||    13
 Cast: Freeze            |     6 |    30 |     5 ||    41
       Frozen Ramparts   |       |     5 |       ||     5
       Ozocubu's Armour  |       |     2 |       ||     2
  Use: Potion            |       |       |     3 ||     3
 Stab: Sleeping          |       |     1 |       ||     1
Armor: Leather armour    |    38 |    42 |       ||    80
Dodge: Dodged            |    45 |    89 |    10 ||   144
Block: Buckler           |    23 |    30 |     2 ||    55

Table legend: (Time is in decaauts)
 A = Elapsed time spent in this place.
 B = Non-inter-level travel time spent in this place.
 C = Inter-level travel time spent in this place.
 D = Time resting spent in this place.
 E = Time spent auto-exploring this place.
 F = Levels seen in this place.
 G = Mean time per level.
                   A        B        C        D        E       F      G
               +--------+--------+--------+--------+--------+-----+--------+
         Total |   4359 |   4225 |    134 |   1024 |   2332 |   5 |  871.8 |
       Dungeon |   4338 |   4204 |    134 |   1024 |   2332 |   4 | 1084.5 |
        Temple |     20 |     20 |      0 |      0 |      0 |   1 |   20.0 |
               +--------+--------+--------+--------+--------+-----+--------+

Top non-repeatable levels by time:
     D:2: 1534 daAuts
     D:4: 1213 daAuts
     D:1: 908 daAuts
     D:3: 681 daAuts
  Temple: 20 daAuts
